 Dungeon Crawl Stone Soup version 0.12.3 (webtiles) character file.

3159 doctor the Frost Mage (level 9, -2/45 HPs)
             Began as a Deep Elf Ice Elementalist on Feb 10, 2024.
             Was a Follower of Vehumet.
             Shot with a sling bullet by Joseph (20 damage)
             ... on Level 9 of the Dungeon.
             The game lasted 00:58:53 (9507 turns).

doctor the Frost Mage (Deep Elf Ice Elementalist)   Turns: 9507, Time: 00:58:53

HP  -2/45        AC 12     Str  6      XL: 9   Next: 39%
MP   3/28        EV 13     Int 23      God: Vehumet [*.....]
Gold 445         SH  0     Dex 15      Spells:  6 memorised,  7 levels left

Res.Fire  : . . .   See Invis. : .   a - +0 quarterstaff
Res.Cold  : . . .   Warding    : .   z - +0 elf robe
Life Prot.: + . .   Conserve   : .   (no shield)
Res.Poison: .       Res.Corr.  : .   (no helmet)
Res.Elec. : .       Clarity    : .   (no cloak)
Sust.Abil.: . .     Spirit.Shd : .   x - +0 pair of gauntlets
Res.Mut.  : .       Stasis     : .   (no boots)
Res.Rott. : .       Ctrl.Telep.: .   p - amulet of the gourmand
Gourmand  : +       Flight     : .   G - ring of life protection {unknown}
                                     i - +2 ring of protection

@: icy armour, somewhat resistant to hostile enchantments, stealthy
A: no striking features
a: Renounce Religion


You were on level 9 of the Dungeon.
You worshipped Vehumet.
Vehumet was most pleased with you.
You were very full.

You visited 2 branches of the dungeon, and saw 10 of its levels.
You also visited: Ossuary.

You collected 425 gold pieces.

Inventory:

Hand weapons
 a - a +0,+0 quarterstaff (weapon)
 b - a +0 blowgun
Missiles
 j - 19 poisoned needles (quivered)
 w - 13 curare-tipped needles
Armour
 x - a +0 pair of gauntlets (worn)
 z - a +0 elven robe (worn)
Magical devices
 t - a wand of digging (8) {unknown}
 v - a wand of disintegration (14) {unknown}
 L - a wand of teleportation (6) {unknown}
 M - a wand of slowing (16) {unknown}
Comestibles
 c - 5 bread rations
 q - 5 meat rations
 J - an apricot
 N - 2 chokos
Scrolls
 d - 2 scrolls of enchant weapon I {unknown}
 g - 5 scrolls of remove curse {unknown}
 k - 2 scrolls of fear {unknown}
 l - a scroll of teleportation
 n - a scroll of recharging {unknown}
 s - a scroll of noise {unknown}
 u - a scroll of curse armour {unknown}
 B - a scroll of curse weapon {unknown}
 D - 2 scrolls of identify
 E - a scroll of enchant armour {unknown}
 F - a scroll of blinking {unknown}
 K - 2 scrolls of vulnerability {unknown}
 O - a scroll of enchant weapon II {unknown}
Jewellery
 i - a +2 ring of protection (left hand)
 o - an uncursed amulet of guardian spirit
 p - an amulet of the gourmand (around neck)
 r - a +0,+5 ring of slaying {unknown}
 y - a cursed amulet of stasis {unknown}
 G - a ring of life protection (right hand) {unknown}
Potions
 e - 2 potions of restore abilities {unknown}
 f - 3 potions of curing
 h - 3 potions of speed {unknown}
 m - a potion of paralysis {unknown}
 A - a potion of degeneration {unknown}
 C - a potion of poison {unknown}
 I - a potion of mutation {unknown}


   Skills:
 + Level 0.8 Staves
 + Level 3.2 Dodging
 + Level 3.1 Stealth
 + Level 0.4 Traps
 + Level 8.9 Spellcasting
 + Level 3.1 Conjurations
 + Level 1.3 Charms
 + Level 0.7 Summonings
 + Level 10.4 Ice Magic


You had 7 spell levels left.
You knew the following spells:

 Your Spells              Type           Power        Failure   Level  Hunger
a - Freeze                Ice            #####        1%          1    None
b - Throw Frost           Conj/Ice       ######.      1%          2    None
c - Ozocubu's Armour      Chrm/Ice       ######....   1%          3    None
d - Condensation Shield   Ice            #######...   1%          4    ##.....
e - Throw Icicle          Conj/Ice       ######...    4%          4    ##.....
f - Summon Ice Beast      Ice/Summ       ######....   10%         4    ##.....


Dungeon Overview and Level Annotations

Branches:
Dungeon (9/27)             Temple (1/1) D:6
    Orc: D:6-11        Lair: D:8-13

Altars:
Ashenzari
Cheibriados
Elyvilon
Fedhas
Kikubaaqudgha
Makhleb
Nemelex Xobeh
Okawaru
Sif Muna
Trog
Vehumet
Yredelemnul
Zin
the Shining One

Shops:
D:6: *

Annotations
D:5 Dowan, Duvessa
D:8 exclusion: player ghost, Sapher's ghost, experienced SEEE
D:9 exclusion: 2 killer bees, Joseph


Message History

Aiming: Throw Icicle
Press: ? - help, Shift-Dir - straight line, f/p - Joseph
Aim: Joseph, wielding a runed sling and wearing a leather armour (lightly wounded)
The shard of ice misses Joseph.
Joseph shoots a sling bullet.
The sling bullet misses you.
Your ice beast hits Joseph.
Your ice beast freezes Joseph!
Casting: Throw Icicle
Confirm with . or Enter, or press ? or * to list all spells.
Aiming: Throw Icicle
Press: ? - help, Shift-Dir - straight line, f/p - Joseph
Aim: Joseph, wielding a runed sling and wearing a leather armour (heavily wounded)
The shard of ice hits Joseph.
Joseph is heavily wounded.
Joseph drinks a potion.
Joseph is healed!
Your ice beast hits Joseph.
Your ice beast freezes Joseph!
Casting: Throw Icicle
Confirm with . or Enter, or press ? or * to list all spells.
You don't have enough magic to cast that spell.
Joseph shoots a sling bullet.
The sling bullet hits you!
You die...

# ....#. . #
.#...#.#.#.# #
........)#..# #
.#.#.....#.#.# # #...
.............# #
#....##.#@I.....#.# #
#....##.......(...#
######....####.#.#(#.#.#
..........# #..@(..#..#
..........# ###.#.#.#.#
..........# #...(...#
..........########.#.#.#
......%................#
..#####............#.#.#
..# #............#...#
..# #............#####
..# #............#


You could see Joseph and a friendly ice beast.

Vanquished Creatures
  A troll (D:9)
  Eustachio (D:8)
  A manticore (D:8)
  3 ice beasts
  2 sky beasts
  3 centaurs
  A troll skeleton (D:7)
  3 ogres
  Sigmund (D:5)
  4 giant frogs
  2 water moccasins
  An ogre zombie (D:8)
  3 crimson imps
  2 goliath beetles (D:8)
  6 hounds
  An orc priest (D:5)
  3 worker ants (D:6)
  An iguana (D:7)
  Jessica (D:3)
  Terence (D:2)
  A mummy (D:6)
  7 adders
  A green rat (D:8)
  An inept feature mimic (D:6)
  An adder skeleton (D:5)
  2 worms (D:2)
  3 giant eyeballs
  7 giant geckos
  16 orcs
  8 bats
  10 giant cockroaches
  10 goblins
  15 hobgoblins
  6 jackals
  4 quokkas
  3 giant newts
  A giant spore (D:6)
  17 kobolds
  A kobold skeleton (D:6)
  An orc zombie (D:7)
  10 rats
166 creatures vanquished.

Vanquished Creatures (collateral kills)
  A necrophage (D:8)
  A phantom (D:9)
2 creatures vanquished.

Vanquished Creatures (others)
  2 ice beasts (D:8)
  A giant newt (D:2)
  A jackal (D:8)
4 creatures vanquished.

Grand Total: 172 creatures vanquished

Notes
Turn   | Place    | Note
--------------------------------------------------------------
     0 | D:1      | doctor, the Deep Elf Ice Elementalist, began the quest for the Orb.
     0 | D:1      | Reached XP level 1. HP: 10/10 MP: 4/4
   268 | D:1      | Reached XP level 2. HP: 13/15 MP: 6/6
   840 | D:2      | Reached skill level 4 in Ice Magic
   840 | D:2      | Reached XP level 3. HP: 13/19 MP: 6/9
   850 | D:2      | Learned a level 2 spell: Throw Frost
  1420 | D:2      | Reached skill level 5 in Ice Magic
  1420 | D:2      | Reached XP level 4. HP: 17/24 MP: 8/12
  1455 | D:2      | Found a burning altar of Makhleb.
  1706 | D:2      | Noticed Terence
  1720 | D:2      | Killed Terence
  2304 | D:3      | Noticed Jessica
  2356 | D:3      | Reached XP level 5. HP: 28/28 MP: 13/15
  2459 | D:4      | Noticed a sky beast
  2479 | D:4      | Found an iron altar of Okawaru.
  2485 | D:4      | Found a deep blue altar of Sif Muna.
  2526 | D:4      | Found a sand-covered staircase.
  2533 | Ossuary  | Entered an ossuary
  2613 | D:4      | Learned a level 3 spell: Ozocubu's Armour
  2787 | D:4      | Reached skill level 6 in Ice Magic
  3164 | D:3      | Killed Jessica
  3842 | D:5      | Entered Level 5 of the Dungeon
  3842 | D:5      | Noticed Sigmund
  3848 | D:5      | Killed Sigmund
  3848 | D:5      | Reached skill level 7 in Ice Magic
  3848 | D:5      | Reached XP level 6. HP: 18/32 MP: 12/17
  3997 | D:5      | Noticed Duvessa
  3999 | D:5      | Noticed Dowan
  4126 | D:4      | Killed a sky beast
  4126 | D:4      | Reached skill level 8 in Ice Magic
  4325 | D:5      | Noticed an ice beast
  4345 | D:5      | Killed an ice beast
  4345 | D:5      | Reached XP level 7. HP: 36/36 MP: 14/19
  4355 | D:5      | Found a blossoming altar of Fedhas.
  4433 | D:5      | Paralysed by a giant eyeball for 4 turns
  4438 | D:5      | Learned a level 4 spell: Condensation Shield
  4444 | D:5      | Paralysed by a giant eyeball for 4 turns
  4488 | D:6      | Paralysed by a giant eyeball for 3 turns
  4493 | D:6      | Paralysed by a giant eyeball for 2 turns
  4626 | D:5      | Noticed a phantom
  4922 | D:6      | Found a staircase to the Ecumenical Temple.
  4961 | Temple   | Entered the Ecumenical Temple
  5036 | Temple   | Became a worshipper of Vehumet
  5370 | D:6      | Learned a level 4 spell: Throw Icicle
  5378 | D:6      | Reached skill level 5 in Spellcasting
  5378 | D:6      | Reached skill level 9 in Ice Magic
  5588 | D:6      | Found Etoqaf Xotua's Assorted Antiques.
  5936 | D:6      | Reached XP level 8. HP: 41/41 MP: 24/24
  6109 | D:7      | Learned a level 4 spell: Summon Ice Beast
  7426 | D:7      | Acquired Vehumet's first power
  7426 | D:7      | Offered knowledge of Shock by Vehumet.
  7647 | D:8      | Found a glowing silver altar of Zin.
  8085 | D:8      | Noticed Sapher's ghost (experienced SEEE)
  8600 | D:8      | Noticed Eustachio
  8601 | D:8      | Reached skill level 10 in Ice Magic
  8601 | D:8      | Reached XP level 9. HP: 45/45 MP: 14/27
  8615 | D:8      | Killed Eustachio
  9185 | D:9      | Reached skill level 1 in Charms
  9378 | D:9      | Found a sparkling altar of Nemelex Xobeh.
  9390 | D:9      | Found a shattered altar of Ashenzari.
  9495 | D:9      | Noticed Joseph
  9507 | D:9      | Shot with a sling bullet by Joseph

Action                   |  1- 3 |  4- 6 |  7- 9 || total
-------------------------+-------+-------+-------++-------
Melee: Unarmed           |     1 |     2 |       ||     3
       Quarterstaff      |       |    14 |    21 ||    35
       Whip              |       |     3 |       ||     3
 Cast: Freeze            |    60 |    86 |    80 ||   226
       Throw Frost       |       |    22 |   120 ||   142
       Ozocubu's Armour  |       |     1 |    13 ||    14
       Throw Icicle      |       |       |    26 ||    26
       Summon Ice Beast  |       |       |     8 ||     8
       Condensation Shie |       |       |     5 ||     5
  Use: Potion            |       |     6 |     5 ||    11
       Scroll            |       |       |     8 ||     8
